[Event "*** SCC Grand Prix: Titled Tuesday Blitz"]
[Site "Chess.com"]
[Date "2020.07.21"]
[Round "6"]
[White "mirochka"]
[Black "pedro_nascimento85"]
[Result "1-0"]
[WhiteElo "2139"]
[BlackElo "1922"]
[TimeControl "180+1"]
[EndTime "11:03:19 PDT"]
[Termination "mirochka won by resignation"]

1. e4 e6 2. Nf3 d5 3. e5 c5 4. b4 b6 5. a3 f6 6. Bb2 Nc6 7. b5 Nxe5 8. Nxe5 fxe5 9. Qh5+ g6 10. Qxe5 Nf6 11. Qxf6 Qxf6 12. Bxf6 Rg8 13. Nc3 Kf7 14.
Be5 Bg7 15. f4 Bxe5 16. fxe5 Kg7 17. d4 a6 18. Bd3 cxd4 19. Ne2 Bd7 20. bxa6 Bc8 21.
Nxd4 Kf7 22. Rf1+ Ke7 23. Nc6+ Kd7 24. Bb5 Bxa6 25. Nb8+ Kc7 26. Nxa6+ 1-0

[Event "*** SCC Grand Prix: Titled Tuesday Blitz"]
[Site "Chess.com"]
[Date "2020.07.21"]
[Round "6"]
[White "anpospan"]
[Black "chigorin28"]
[Result "0-1"]
[WhiteElo "2277"]
[BlackElo "2430"]
[TimeControl "180+1"]
[EndTime "11:03:24 PDT"]
[Termination "chigorin28 won by resignation"]

1. b3 b6 2. Bb2 Bb7 3. Nf3 Nf6 4. e3 e6 5. d4 d5 6. Bd3 Bd6 7. O-O Nbd7 8. Ne5 O-O 9. Nd2 c5 10. f4 Rc8 11. Qf3 Qe7 12. g4 cxd4 13. exd4 g6 14. g5 Nh5 15. Rae1 f6 16. Nxg6 hxg6 17. Bxg6 Nxf4 18. Bf5 fxg5 19. Bg4 Nf6 20. Kh1 Ne4 0-1

[Event "*** SCC Grand Prix: Titled Tuesday Blitz"]
[Site "Chess.com"]
[Date "2020.07.21"]
[Round "6"]
[White "sergeikim"]
[Black "mfwagnerpeixoto"]
[Result "1-0"]
[WhiteElo "2447"]
[BlackElo "2268"]
[TimeControl "180+1"]
[EndTime "11:03:26 PDT"]
[Termination "sergeikim won by resignation"]

1. d4 Nf6 2. c4 e6 3. Nc3 Bb4 4. Qc2 O-O 5. a3 Bxc3+ 6. Qxc3 b6 7. Nf3 Bb7 8. g3 d6 9. Bg2 Nbd7 10. O-O Re8 11.
b3 e5 12. d5 a5 13. Nd2 Qe7 14. e4 Nc5 15. b4 axb4 16. axb4 Rxa1 17. Qxa1 Nd3 18.
Ba3 Ra8 19. Qc3 Nf4 20. gxf4 exf4 21. Bb2 Qd7 22. e5 dxe5 23. Qxe5 Qg4 24. h3 Qh4 25. Nf3 Qh6 26. Qxc7 1-0

[Event "*** SCC Grand Prix: Titled Tuesday Blitz"]
[Site "Chess.com"]
[Date "2020.07.21"]
[Round "6"]
[White "Joseacorrea"]
[Black "winniethepooh04"]
[Result "1-0"]
[WhiteElo "1981"]
[BlackElo "2093"]
[TimeControl "180+1"]
[EndTime "11:03:27 PDT"]
[Termination "Joseacorrea won by checkmate"]

1. c4 Nf6 2. Nc3 g6 3. d4 Bg7 4. e4 d6 5. f3 O-O 6. Be3 Nbd7 7. Nge2 a6 8. Qd2 Rb8 9. g4 b5 10. h4 bxc4 11. Ng3 e5 12. d5 Nc5 13. Bh6 Bxh6 14. Qxh6 Rxb2 15. h5 Bxg4 16. hxg6 Bxf3 17. Nf5 Nh5 18.
Qxh7# 1-0

[Event "*** SCC Grand Prix: Titled Tuesday Blitz"]
[Site "Chess.com"]
[Date "2020.07.21"]
[Round "6"]
[White "RestartingChess"]
[Black "LuisFSiles"]
[Result "1-0"]
[WhiteElo "2517"]
[BlackElo "2331"]
[TimeControl "180+1"]
[EndTime "11:03:33 PDT"]
[Termination "RestartingChess won by resignation"]

1. e4 c5 2. Nf3 d6 3. Bb5+ Nd7 4. c4 Nf6 5. Nc3 g6 6. d3 Bg7 7. Bxd7+ Bxd7 8. h3 O-O 9. Be3 Bc6 10. Qd2 a6 11. Bh6 b5 12. Bxg7 Kxg7 13. b3 e6 14. h4 h5 15. Ne2 Ng4 16. Ng3 Qf6 17. O-O d5 18. cxd5 exd5 19. Rac1 c4 20. bxc4 bxc4 21.
Rfe1 Rfe8 22. Qg5 Rac8 23. Nxh5+ 1-0

[Event "*** SCC Grand Prix: Titled Tuesday Blitz"]
[Site "Chess.com"]
[Date "2020.07.21"]
[Round "6"]
[White "stanyga"]
[Black "Kobalia"]
[Result "0-1"]
[WhiteElo "2594"]
[BlackElo "2763"]
[TimeControl "180+1"]
[EndTime "11:03:34 PDT"]
[Termination "Kobalia won by resignation"]

1. e4 c6 2. d4 d5 3. e5 Bf5 4. Nf3 e6 5. Be2 Ne7 6. O-O Bg6 7. Nbd2 Nd7 8. a4 Nf5 9. a5 a6 10. Nb3 c5 11. c4 dxc4 12. Bxc4 cxd4 13. Nbxd4 Nxd4 14. Qxd4 Bc5 15. Qg4 O-O 16. Rd1 Nf6 17. Rxd8 Nxg4 18. Rxa8 Rxa8 19. b4 Bxf2+ 20. Kf1 Rc8 21. Be2 Be3 22. Bxe3 Nxe3+ 23. Kf2 Nd5 24. b5 axb5 25. Bxb5 Rc2+ 26. Kg3 Ne3 27. Bf1 h6 28. Nd4 Rc5 29. Ra3 Nxf1+ 0-1

[Event "*** SCC Grand Prix: Titled Tuesday Blitz"]
[Site "Chess.com"]
[Date "2020.07.21"]
[Round "6"]
[White "MFguimaraes"]
[Black "Roza_Idrisova"]
[Result "1-0"]
[WhiteElo "2412"]
[BlackElo "2246"]
[TimeControl "180+1"]
[EndTime "11:03:37 PDT"]
[Termination "MFguimaraes won by resignation"]

1. e4 c6 2. d4 d5 3. Nc3 a6 4. Nf3 Bg4 5. h3 Bh5 6. g4 Bg6 7. exd5 cxd5 8. Ne5 Nc6 9. Nxc6 bxc6 10. Bg2 e6 11.
O-O Nf6 12. f4 Bd6 13. f5 exf5 14. gxf5 Bh5 15. Re1+ Kf8 16. Bf3 Bxf3 17. Qxf3 Qd7 18. Bg5 h6 19. Bh4 Nh7 20. Kh1 f6 21. Re6 Kf7 22. Rae1 Rhe8 23. Qh5+ Kf8 24. Qg6 Ng5 25.
Bxg5 hxg5 26. Qh7 Rad8 27. Kg2 Qf7 28. Rxe8+ Rxe8 29. Qh8+ Qg8 30. Rxe8+ Kxe8 31. Qxg8+ 1-0

[Event "*** SCC Grand Prix: Titled Tuesday Blitz"]
[Site "Chess.com"]
[Date "2020.07.21"]
[Round "6"]
[White "Lion-Al-Messi"]
[Black "Chessbard1972"]
[Result "0-1"]
[WhiteElo "2419"]
[BlackElo "2325"]
[TimeControl "180+1"]
[EndTime "11:03:38 PDT"]
[Termination "Chessbard1972 won by resignation"]

1. e4 c5 2. Nf3 a6 3. c3 d5 4. exd5 Qxd5 5. d4 Nf6 6. Be2 Bg4 7. O-O e6 8. Nbd2 cxd4 9. cxd4 Nc6 10. h3 Bh5 11.
Bc4 Bxf3 12. Bxd5 Bxd1 13. Bxc6+ bxc6 14. Rxd1 Rd8 15. Nf3 c5 16. Bg5 cxd4 17. Nxd4 Bc5 18. Nc6 Rc8 19. Ne5 Ne4 20. Bh4 g5 21. Re1 f5 22. Rac1 gxh4 23. Nd3 O-O 24. Rxe4 Bxf2+ 0-1

[Event "*** SCC Grand Prix: Titled Tuesday Blitz"]
[Site "Chess.com"]
[Date "2020.07.21"]
[Round "6"]
[White "Denmark2015"]
[Black "IMHansNiemann"]
[Result "0-1"]
[WhiteElo "2624"]
[BlackElo "2957"]
[TimeControl "180+1"]
[EndTime "11:03:43 PDT"]
[Termination "IMHansNiemann won by resignation"]

1. d4 g6 2. c4 Bg7 3. Nc3 d6 4. e4 Nc6 5. Be3 e5 6. Nge2 f5 7. dxe5 Nxe5 8. exf5 Bxf5 9. Ng3 Ne7 10. Be2 O-O 11. O-O Be6 12. Nd5 c6 13. Nxe7+ Qxe7 14. Rc1 Rad8 15. Bxa7 c5 16. Bb6 Ra8 17. a4 Nc6 18. b3 Nd4 19. a5 h5 20. Ne4 h4 21.
h3 Bxh3 22. gxh3 Qxe4 23. Bd3 Nf3+ 0-1

[Event "*** SCC Grand Prix: Titled Tuesday Blitz"]
[Site "Chess.com"]
[Date "2020.07.21"]
[Round "6"]
[White "mamey78"]
[Black "Konavets"]
[Result "0-1"]
[WhiteElo "2520"]
[BlackElo "3043"]
[TimeControl "180+1"]
[EndTime "11:03:45 PDT"]
[Termination "Konavets won by resignation"]

1. e4 c5 2. Nf3 Nc6 3. c3 Nf6 4. e5 Nd5 5. d4 cxd4 6. Bc4 e6 7.
cxd4 Nb6 8. Bd3 Nb4 9. Be4 d5 10. exd6 Bxd6 11. O-O Bd7 12. Nc3 Bc6 13. Bg5 Be7 14.
Bxe7 Qxe7 15. Bxc6+ Nxc6 16. d5 O-O-O 17. Rc1 Nxd5 18.
Nb5 Kb8 19. Qa4 Qb4 20. Qxb4 Ndxb4 21. a3 Nd3 22. Rc2 Rd7 23. Rd1 Rhd8 24. Rcd2 Na5 25. Ne1 Ne5 26. Rxd7 Rxd7 27. Rxd7 Nxd7 28. Nd6 f6 29. Ne8 g6 30. Ng7 e5 0-1

[Event "*** SCC Grand Prix: Titled Tuesday Blitz"]
[Site "Chess.com"]
[Date "2020.07.21"]
[Round "6"]
[White "maxip32"]
[Black "ItsCheckM8Mate"]
[Result "0-1"]
[WhiteElo "2415"]
[BlackElo "2305"]
[TimeControl "180+1"]
[EndTime "11:03:57 PDT"]
[Termination "ItsCheckM8Mate won by resignation"]

1. e4 e5 2. Nf3 Nc6 3. Bc4 Nf6 4. d3 h6 5. O-O d6 6. c3 g6 7. Re1 Bg7 8. a4 O-O 9. Nbd2 Be6 10. Bxe6 fxe6 11.
Qb3 Qc8 12. d4 exd4 13. cxd4 Kh7 14. d5 exd5 15. exd5 Ne5 16. Nxe5 dxe5 17. Rxe5 Ng4 18. Re2 Qf5 19. Nf3 Rae8 20. Rxe8 Rxe8 21. h3 Re1+ 0-1

[Event "*** SCC Grand Prix: Titled Tuesday Blitz"]
[Site "Chess.com"]
[Date "2020.07.21"]
[Round "6"]
[White "BogdanDeac"]
[Black "PavelShkapenko"]
[Result "1-0"]
[WhiteElo "2800"]
[BlackElo "2634"]
[TimeControl "180+1"]
[EndTime "11:03:58 PDT"]
[Termination "BogdanDeac won by resignation"]

1. Nf3 Nf6 2. c4 e6 3. g3 a6 4. b3 b5 5. Nc3 b4 6. Na4 d5 7.
Bg2 c5 8. cxd5 Nxd5 9. Bb2 Nd7 10. O-O Bb7 11. Rc1 Rc8 12. d4 N5f6 13. dxc5 Nxc5 14. Qxd8+ Kxd8 15. Ne5 Bxg2 16. Kxg2 Ke8 17. Nd3 Nfd7 18. Ndxc5 Rxc5 19. Nxc5 Bxc5 20. Rfd1 1-0

[Event "*** SCC Grand Prix: Titled Tuesday Blitz"]
[Site "Chess.com"]
[Date "2020.07.21"]
[Round "6"]
[White "baag"]
[Black "Zkid"]
[Result "1-0"]
[WhiteElo "2670"]
[BlackElo "2787"]
[TimeControl "180+1"]
[EndTime "11:03:59 PDT"]
[Termination "baag won by resignation"]

1. d4 d5 2. c4 dxc4 3. Nf3 Nf6 4.
e3 e6 5. Bxc4 c5 6. O-O a6 7. Nc3 b5 8. Be2 Bb7 9. b3 cxd4 10. Nxd4 Nbd7 11. Bf3 Bxf3 12. Qxf3 Rc8 13. Bb2 Bb4 14. Nc6 Ne5 15. Nxe5 Bxc3 16. Rfd1 Bxb2 17.
Rxd8+ Rxd8 18. Nc6 Rd6 19. Rd1 Rxd1+ 20. Qxd1 O-O 21.
Qd6 Ra8 22. Nb8 h5 23. Qc7 Nd5 24. Qb7 1-0

[Event "*** SCC Grand Prix: Titled Tuesday Blitz"]
[Site "Chess.com"]
[Date "2020.07.21"]
[Round "6"]
[White "romulocardoso"]
[Black "MashaFromRussia"]
[Result "0-1"]
[WhiteElo "2133"]
[BlackElo "2388"]
[TimeControl "180+1"]
[EndTime "11:04:03 PDT"]
[Termination "MashaFromRussia won by resignation"]

1. e4 c5 2. Nf3 Nc6 3. d4 cxd4 4.
Nxd4 Nf6 5. Nc3 e5 6. Ndb5 d6 7. Bg5 a6 8. Na3 b5 9. Bxf6 gxf6 10.
Nd5 f5 11. Bd3 Be6 12. c4 fxe4 13. Bxe4 Rc8 14. cxb5 axb5 15. Nxb5 Bg7 16. Nb6 Qxb6 17. Nxd6+ Ke7 18. Nxc8+ Rxc8 19. O-O Nd4 20. Re1 f5 21. Bd3 e4 22. Bf1 Nc2 23. Qh5 Nxa1 24. Qxh7 Kf8 25.
Rxa1 Rc2 26. Qh4 Rxf2 27. Rd1 Rf4+ 0-1

[Event "*** SCC Grand Prix: Titled Tuesday Blitz"]
[Site "Chess.com"]
[Date "2020.07.21"]
[Round "6"]
[White "TheCount"]
[Black "Kavyev_Ruslan"]
[Result "1-0"]
[WhiteElo "2654"]
[BlackElo "2427"]
[TimeControl "180+1"]
[EndTime "11:04:11 PDT"]
[Termination "TheCount won by resignation"]

1. d4 Nf6 2. c4 g6 3. Nc3 d5 4. cxd5 Nxd5 5. e4 Nxc3 6. bxc3 Bg7 7. Be3 c5 8. Nf3 Qa5 9. Qd2 Nc6 10. Rb1 a6 11.
Rc1 Bg4 12. d5 Rd8 13. Be2 e6 14. Bg5 Rd7 15. Qe3 Nd4 16. Nxd4 cxd4 17. Qg3 Bxe2 18. Qb8+ Rd8 19. Bxd8 Qxd8 20. Qxd8+ Kxd8 21. Kxe2 dxc3 22. dxe6 fxe6 23. f4 g5 24. g3 gxf4 25. gxf4 Rf8 26. Rhf1 Ke7 27. e5 Rc8 28. Kd3 Bh6 29. Rxc3 Rf8 30.
Rc7+ Kd8 31. Rxb7 Rxf4 32. Rxf4 Bxf4 33. Ke4 Bxh2 34. Rxh7 Bg3 35. Ra7 1-0

[Event "*** SCC Grand Prix: Titled Tuesday Blitz"]
[Site "Chess.com"]
[Date "2020.07.21"]
[Round "6"]
[White "ftorodent"]
[Black "bratkoo"]
[Result "1-0"]
[WhiteElo "2643"]
[BlackElo "2470"]
[TimeControl "180+1"]
[EndTime "11:04:21 PDT"]
[Termination "ftorodent won by checkmate"]

1. d4 e6 2. c4 d5 3. Nf3 c6 4. Bg5 Be7 5. Bxe7 Nxe7 6. e3 O-O 7. Nc3 Nd7 8. Bd3 h6 9. O-O b6 10. e4 Bb7 11. cxd5 cxd5 12. e5 a6 13. Rc1 b5 14.
Bb1 Nb6 15. Qd3 g6 16. h4 b4 17. Ne2 a5 18. Qd2 Nf5 19. Bxf5 exf5 20. Qxh6 Ba6 21. Ng5 Qxg5 22. hxg5 Bxe2 23. Rfe1 Bh5 24. e6 Ra7 25.
Rc6 Nc8 26. Rec1 Ne7 27. Rc7 Rxc7 28. Rxc7 Re8 29. exf7+ Kxf7 30. Qh7+ Ke6 31. Qg7 Kd6 32. Qe5# 1-0

[Event "*** SCC Grand Prix: Titled Tuesday Blitz"]
[Site "Chess.com"]
[Date "2020.07.21"]
[Round "6"]
[White "chargemax23"]
[Black "Fischerev7"]
[Result "1-0"]
[WhiteElo "2608"]
[BlackElo "2348"]
[TimeControl "180+1"]
[EndTime "11:04:24 PDT"]
[Termination "chargemax23 won by checkmate"]

1. e4 c5 2. Nf3 d6 3. Bb5+ Nd7 4.
a4 a6 5. Bd3 g6 6. O-O Bg7 7. Re1 e6 8. c3 Ne7 9. Bf1 O-O 10. d4 Qc7 11. Na3 b6 12. Nc4 Bb7 13. dxc5 dxc5 14. Bg5 Nf6 15. Qd6 Qxd6 16. Nxd6 Bc6 17. e5 Nfd5 18. c4 Nb4 19. Bxe7 Rfe8 20. Nxe8 Rxe8 21. Bf6 Nc2 22. Rec1 Nxa1 23. Rxa1 Bxf6 24.
exf6 Rd8 25. Ne5 Be4 26. f3 Bb7 27. a5 bxa5 28. Rxa5 Rd2 29. Rxc5 Rxb2 30. Rc7 a5 31. Nxf7 a4 32. Ng5 a3 33. Rg7+ Kf8 34. Nxe6+ Ke8 35. Re7# 1-0

[Event "*** SCC Grand Prix: Titled Tuesday Blitz"]
[Site "Chess.com"]
[Date "2020.07.21"]
[Round "6"]
[White "krzyzan94"]
[Black "GianmarcoVaR"]
[Result "1-0"]
[WhiteElo "2647"]
[BlackElo "2474"]
[TimeControl "180+1"]
[EndTime "11:04:28 PDT"]
[Termination "krzyzan94 won on time"]

1. e4 c5 2. Nf3 d6 3. d4 cxd4 4. Nxd4 Nf6 5. Nc3 a6 6. Bg5 Nbd7 7. f4 Qc7 8. Qf3 h6 9. Bxf6 Nxf6 10. f5 Qc5 11. O-O-O g5 12. e5 dxe5 13. Ndb5 e4 14. Nxe4 Nxe4 15. Qxe4 Bg7 16. Rd5 Qb6 17. Nd6+ Kf8 18.
Nc4 Qc7 19. Qe3 Bf6 20. Nb6 1-0

[Event "*** SCC Grand Prix: Titled Tuesday Blitz"]
[Site "Chess.com"]
[Date "2020.07.21"]
[Round "6"]
[White "mishanick"]
[Black "Aronyak1"]
[Result "1-0"]
[WhiteElo "2916"]
[BlackElo "2792"]
[TimeControl "180+1"]
[EndTime "11:04:29 PDT"]
[Termination "mishanick won by resignation"]

1. d4 d5 2. c4 dxc4 3. Nf3 Nf6 4. e3 e6 5. Bxc4 c5 6. O-O a6 7. dxc5 Bxc5 8. Qxd8+ Kxd8 9. Nfd2 Nc6 10. Nb3 Bd6 11.
Be2 Ke7 12. f3 Rd8 13. Nc3 Bd7 14. e4 Rac8 15. Be3 Be8 16. Rfd1 Bb4 17. Kf2 Rxd1 18.
Rxd1 Rd8 19. Rc1 Nd7 20. Na4 Rc8 21. a3 Bd6 22. Na5 Nde5 23. Nxb7 Rb8 24. Nxd6 Kxd6 25. f4 Nd7 26. e5+ Kc7 27. Bxa6 1-0

[Event "*** SCC Grand Prix: Titled Tuesday Blitz"]
[Site "Chess.com"]
[Date "2020.07.21"]
[Round "6"]
[White "S2PAc"]
[Black "Artyom_ChessMate"]
[Result "0-1"]
[WhiteElo "2780"]
[BlackElo "2591"]
[TimeControl "180+1"]
[EndTime "11:04:37 PDT"]
[Termination "Artyom_ChessMate won by resignation"]

1. d4 d5 2. Nf3 Nf6 3. g3 e6 4.
Bg2 Be7 5. O-O O-O 6. c4 dxc4 7. Ne5 Nc6 8. Bxc6 bxc6 9. Nxc6 Qe8 10. Nxe7+ Qxe7 11. Qc2 c5 12. Qxc4 cxd4 13. Qxd4 e5 14. Qh4 Qb7 15. Nc3 Be6 16. b3 Rac8 17. Bb2 Rfd8 18.
Rfd1 h6 19. Rac1 Kh7 20. Na4 Rxd1+ 21. Rxd1 g5 22. Nc5 Rxc5 23. Qa4 Bh3 24. f3 Rc2 25.
Bxe5 Rxe2 26. Rd3 Rxe5 0-1

[Event "*** SCC Grand Prix: Titled Tuesday Blitz"]
[Site "Chess.com"]
[Date "2020.07.21"]
[Round "6"]
[White "LimaRR"]
[Black "jonychess03"]
[Result "0-1"]
[WhiteElo "2100"]
[BlackElo "2307"]
[TimeControl "180+1"]
[EndTime "11:04:40 PDT"]
[Termination "jonychess03 won by resignation"]

1. e4 c6 2. d4 d5 3. Nc3 dxe4 4. Nxe4 Nd7 5. Qe2 Ndf6 6. Nxf6+ Nxf6 7. Nf3 Bg4 8. Be3 e6 9. h3 Bxf3 10. Qxf3 Bd6 11.
Bd3 Qc7 12. O-O Nd5 13. Be4 Nf6 14. Bd3 h6 15. c4 Qe7 16. a3 a5 17. Rfe1 O-O 18. Rad1 Rad8 19. Bd2 Bc7 20. Bc3 Qd6 21. g3 Qe7 22. Bc2 Rfe8 23. d5 cxd5 24. Bxf6 Qxf6 25. cxd5 Qxf3 0-1

[Event "*** SCC Grand Prix: Titled Tuesday Blitz"]
[Site "Chess.com"]
[Date "2020.07.21"]
[Round "6"]
[White "MidnightFox"]
[Black "Munkhzul_Turmunkh"]
[Result "0-1"]
[WhiteElo "2394"]
[BlackElo "2599"]
[TimeControl "180+1"]
[EndTime "11:04:47 PDT"]
[Termination "Munkhzul_Turmunkh won by resignation"]

1. e4 c5 2. Nf3 d6 3. d4 cxd4 4. Nxd4 Nf6 5. Nc3 a6 6. Nb3 e6 7.
g4 b5 8. g5 b4 9. gxf6 bxc3 10. fxg7 Bxg7 11. bxc3 Bxc3+ 12. Bd2 Bxa1 13. Qxa1 Rg8 14.
h4 Bb7 15. Qd4 Nc6 16. Qa4 Qd7 17. Bd3 Ne5 18. Qb4 f5 19. Na5 Bxe4 20. Bxe4 fxe4 21. Qxe4 Rb8 22. Nb3 a5 23. Bxa5 Rc8 24. Bd2 Rc4 25.
Qe2 Rxc2 26. Kf1 Qc6 27. Rh3 Qg2+ 28. Ke1 Qxh3 0-1

[Event "*** SCC Grand Prix: Titled Tuesday Blitz"]
[Site "Chess.com"]
[Date "2020.07.21"]
[Round "6"]
[White "esrosenberg"]
[Black "rynos0411"]
[Result "0-1"]
[WhiteElo "2207"]
[BlackElo "2395"]
[TimeControl "180+1"]
[EndTime "11:04:47 PDT"]
[Termination "rynos0411 won on time"]

1. Nf3 d5 2. c4 c6 3. d4 Nf6 4. Nc3 e6 5. Bg5 Nbd7 6. e3 Qa5 7. Nd2 Bb4 8. Rc1 dxc4 9. Bxf6 Nxf6 10. Bxc4 O-O 11.
O-O c5 12. a3 Bxc3 13. Rxc3 cxd4 14. exd4 Rd8 15. Nb3 Qb6 16. Re1 Bd7 17. Rg3 Bc6 18. Nc5 Qxb2 19. Nxe6 fxe6 20. Rxe6 Kh8 21. Rxf6 gxf6 22.
Qg4 Qc1+ 23. Bf1 Qh6 24. Rh3 Qg5 0-1

[Event "*** SCC Grand Prix: Titled Tuesday Blitz"]
[Site "Chess.com"]
[Date "2020.07.21"]
[Round "6"]
[White "CzechmVIII"]
[Black "Alindsay211"]
[Result "1/2-1/2"]
[WhiteElo "2201"]
[BlackElo "2286"]
[TimeControl "180+1"]
[EndTime "11:04:56 PDT"]
[Termination "Game drawn by agreement"]

1. e4 e6 2. d4 d5 3. Nc3 Nf6 4.
Bg5 Be7 5. e5 Nfd7 6. Bxe7 Qxe7 7. f4 a6 8. Nf3 c5 9. Qd2 Nc6 10. dxc5 Nxc5 11. Bd3 b5 12. Ne2 Bb7 13. O-O Rc8 14.
Ned4 Qc7 15. Nxc6 Qxc6 16. Nd4 Qb6 17. Qe3 Nxd3 18. cxd3 O-O 19. Rac1 a5 20. Qf2 b4 21. Nf3 Qxf2+ 22. Kxf2 Ba6 23. Ke3 Rfd8 24. Nd4 Bb7 25. g3 Kf8 1/2-1/2

[Event "*** SCC Grand Prix: Titled Tuesday Blitz"]
[Site "Chess.com"]
[Date "2020.07.21"]
[Round "6"]
[White "grandcoach"]
[Black "vladgoncharov"]
[Result "0-1"]
[WhiteElo "2127"]
[BlackElo "2380"]
[TimeControl "180+1"]
[EndTime "11:04:57 PDT"]
[Termination "vladgoncharov won by resignation"]

1. e4 e6 2. Nf3 d5 3. e5 c5 4. b4 cxb4 5. a3 b3 6. cxb3 Nc6 7. b4 Nge7 8. d4 Nf5 9. Bb2 Nh4 10.
Bd3 Nxg2+ 11. Kf1 Nf4 12. Rg1 Ng6 13. Nc3 Be7 14. h4 Bxh4 15. Nxh4 Qxh4 16. Nb5 O-O 17.
Bc1 f5 18. Qf3 Nxd4 19. Nxd4 Qxd4 20. Ra2 Nxe5 21. Qg3 Qxd3+ 22. Qxd3 Nxd3 23. Bh6 Rf7 24. f4 Bd7 25. Rag2 g6 26. Ke2 Bb5 27. Kd2 Rc8 0-1

[Event "*** SCC Grand Prix: Titled Tuesday Blitz"]
[Site "Chess.com"]
[Date "2020.07.21"]
[Round "6"]
[White "gagtemp"]
[Black "kidagent"]
[Result "0-1"]
[WhiteElo "1969"]
[BlackElo "2211"]
[TimeControl "180+1"]
[EndTime "11:04:57 PDT"]
[Termination "kidagent won by resignation"]

1. e4 c5 2. Nf3 d6 3. d4 cxd4 4. Nxd4 Nf6 5. Nc3 a6 6. Be3 e5 7. Nb3 Be7 8. f3 Be6 9. Qd2 b5 10. Nd5 Nxd5 11. exd5 Bf5 12. Na5 O-O 13. Be2 Qc7 14. Rc1 Nd7 15. O-O Nb6 16. Nc6 Nc4 17. Qc3 Nxe3 18. Qxe3 Rfe8 19. a4 bxa4 20. c4 Bf8 21.
Qc3 Bd7 22. Nb4 a5 23. Nd3 Rab8 24. Bd1 g6 25. c5 dxc5 26. Nxc5 Qa7 27. Kh1 Rec8 0-1

[Event "*** SCC Grand Prix: Titled Tuesday Blitz"]
[Site "Chess.com"]
[Date "2020.07.21"]
[Round "6"]
[White "Virgo15"]
[Black "Iskusnyh"]
[Result "1-0"]
[WhiteElo "2691"]
[BlackElo "2484"]
[TimeControl "180+1"]
[EndTime "11:05:01 PDT"]
[Termination "Virgo15 won by resignation"]

1. d4 d5 2. Nf3 Nf6 3. Bf4 c5 4. e3 Nc6 5. c3 Qb6 6. Qb3 c4 7. Qc2 Bf5 8. Qc1 h6 9. h3 e6 10. Nbd2 Be7 11. Be2 O-O 12. g4 Bg6 13.
Rg1 Ne4 14. h4 Qd8 15. h5 Bh7 16. Nxe4 Bxe4 17. g5 Bxf3 18. gxh6 Be4 19. hxg7 Re8 20. Bd1 Bh7 21. Bc2 f5 22. Qd1 b5 23. h6 b4 24. Qh5 bxc3 25. bxc3 Rb8 26. Bxb8 Qxb8 27. Rb1 Qc7 28. Qxe8+ 1-0

[Event "*** SCC Grand Prix: Titled Tuesday Blitz"]
[Site "Chess.com"]
[Date "2020.07.21"]
[Round "6"]
[White "vpsetter"]
[Black "Agibileg"]
[Result "1-0"]
[WhiteElo "2606"]
[BlackElo "2416"]
[TimeControl "180+1"]
[EndTime "11:05:02 PDT"]
[Termination "vpsetter won by checkmate"]

1. e4 c5 2. Nf3 e6 3. d4 cxd4 4. Nxd4 Nc6 5. Nc3 a6 6. Nb3 b5 7.
g4 Qc7 8. Bg2 Bd6 9. h4 Nge7 10.
Be3 Bf4 11. Qd2 Bxe3 12. Qxe3 Ne5 13. Qg3 d6 14. O-O-O Bb7 15. f4 Nc4 16. f5 b4 17.
Ne2 Rc8 18. fxe6 fxe6 19. Ned4 Qd7 20. g5 Ng6 21. Bh3 Nf8 22. Nxe6 Nxe6 23. Nd4 Nxd4 24.
Bxd7+ Kxd7 25. Rxd4 Rhf8 26. Rhd1 Rc6 27. Rxc4 Rxc4 28.
Qxd6+ Ke8 29. Qd7# 1-0

[Event "*** SCC Grand Prix: Titled Tuesday Blitz"]
[Site "Chess.com"]
[Date "2020.07.21"]
[Round "6"]
[White "poppy73"]
[Black "DonBroca"]
[Result "1-0"]
[WhiteElo "2257"]
[BlackElo "2079"]
[TimeControl "180+1"]
[EndTime "11:05:02 PDT"]
[Termination "poppy73 won by resignation"]

1. e4 c5 2. Nf3 d6 3. d4 cxd4 4.
Nxd4 Nf6 5. Nc3 g6 6. Be3 Bg7 7. f3 O-O 8. Qd2 Nc6 9. O-O-O Bd7 10. Kb1 Rc8 11. g4 Ne5 12. h4 h5 13. g5 Ne8 14.
f4 Ng4 15. f5 Rxc3 16. Qxc3 gxf5 17. exf5 Bxf5 18. Qd2 Nxe3 19. Qxe3 Bg4 20. Be2 Bxe2 21. Qxe2 Qb6 22. c3 Bxd4 23. Rxd4 e5 24. Rd2 Ng7 25. Rhd1 Rd8 26. Rd5 Qc6 27. Qd3 Ne8 28. g6 fxg6 29. Qxg6+ Kf8 30. Rf1+ 1-0

[Event "*** SCC Grand Prix: Titled Tuesday Blitz"]
[Site "Chess.com"]
[Date "2020.07.21"]
[Round "6"]
[White "BakaPG"]
[Black "axvesik"]
[Result "1-0"]
[WhiteElo "2651"]
[BlackElo "2475"]
[TimeControl "180+1"]
[EndTime "11:05:04 PDT"]
[Termination "BakaPG won by resignation"]

1. e4 e6 2. d4 d5 3. e5 c5 4. c3 Nc6 5. Nf3 Qb6 6. a3 Bd7 7. b4 cxd4 8. cxd4 Rc8 9. Bb2 Na5 10.
Nbd2 Nc4 11. Nxc4 dxc4 12. Rc1 Qa6 13. d5 exd5 14. Qxd5 Ne7 15. Qe4 Be6 16. Be2 Nf5 17.
O-O Be7 18. g4 Nh6 19. Nd4 b5 20. a4 bxa4 21. Nxe6 Qxe6 22. Bxc4 Rxc4 23. Rxc4 O-O 24. Ra1 Rd8 25. Rxa4 Rd1+ 26. Kg2 g6 27. Rxa7 Bh4 28. Ra8+ Kg7 29. Rc6 Qxg4+ 30. Qxg4 Nxg4 31. e6+ 1-0

[Event "*** SCC Grand Prix: Titled Tuesday Blitz"]
[Site "Chess.com"]
[Date "2020.07.21"]
[Round "6"]
[White "David_Paravyan"]
[Black "tigra"]
[Result "1-0"]
[WhiteElo "3011"]
[BlackElo "2844"]
[TimeControl "180+1"]
[EndTime "11:05:07 PDT"]
[Termination "David_Paravyan won by resignation"]

1. d4 Nf6 2. c4 g6 3. Nc3 d5 4. cxd5 Nxd5 5. e4 Nxc3 6. bxc3 Bg7 7. Nf3 c5 8. Bb5+ Nd7 9. O-O a6 10. Bc4 b5 11. Bd5 Rb8 12. Bf4 Rb6 13. a4 e6 14.
a5 exd5 15. axb6 dxe4 16. Ng5 cxd4 17. Nxe4 O-O 18. Bc7 Qe7 19. Nd6 Nxb6 20. Bxb6 Qxd6 21. Bxd4 Bxd4 22. Qxd4 Qxd4 23. cxd4 Rd8 24. Rfc1 Bb7 25.
Rc7 Rxd4 26. Rxb7 1-0

[Event "*** SCC Grand Prix: Titled Tuesday Blitz"]
[Site "Chess.com"]
[Date "2020.07.21"]
[Round "6"]
[White "KobyKalavannan"]
[Black "LPSupi"]
[Result "0-1"]
[WhiteElo "2717"]
[BlackElo "2872"]
[TimeControl "180+1"]
[EndTime "11:05:08 PDT"]
[Termination "LPSupi won on time"]

1. d4 Nf6 2. c4 e6 3. Nf3 b6 4. g3 Ba6 5. Qc2 c5 6. d5 exd5 7. cxd5 Nxd5 8. Qe4+ Ne7 9. Qxa8 Nec6 10. e4 Qc8 11.
Bxa6 Qxa6 12. Bf4 Be7 13. Nc3 O-O 14. Nd5 Qd3 15. Nxe7+ Nxe7 16. Qxa7 Qxe4+ 17. Be3 Nbc6 18. Qa3 Nd4 19. Nxd4 Qxh1+ 20. Kd2 Qxa1 21. Ne2 Nd5 22. Nc1 Qb1 23. Qb3 Qe4 0-1

[Event "*** SCC Grand Prix: Titled Tuesday Blitz"]
[Site "Chess.com"]
[Date "2020.07.21"]
[Round "6"]
[White "Ermito2020"]
[Black "Sam_ChessMood"]
[Result "1-0"]
[WhiteElo "2596"]
[BlackElo "2791"]
[TimeControl "180+1"]
[EndTime "11:05:08 PDT"]
[Termination "Ermito2020 won by resignation"]

1. e4 e5 2. Nf3 d6 3. d4 exd4 4. Nxd4 Nf6 5. Nc3 Be7 6. Bf4 O-O 7. Be2 Nc6 8. Qd2 Nxd4 9. Qxd4 Be6 10. O-O-O Nd7 11. g4 Bf6 12. Qd2 Nc5 13. f3 a6 14.
g5 Be5 15. Be3 b5 16. Nd5 Re8 17. Qa5 c6 18. Qxd8 Raxd8 19. Nb4 Rc8 20. f4 a5 21.
Nd3 1-0